 Dungeon Crawl Stone Soup version 0.32-a0-39-g5c88369fb2 (webtiles) character file.

Game seed: 11480129843132602825

5599 Ge0ff the Thaumaturge (level 10, 0/70 HPs)
             Began as a Mummy Cinder Acolyte on Feb 1, 2024.
             Was a Believer of Ignis.
             Slain by a yak (10 damage)
             ... on level 9 of the Dungeon.
             The game lasted 00:21:16 (10443 turns).

Ge0ff the Thaumaturge (Mummy Cinder Acolyte)       Turns: 10443, Time: 00:21:16

Health: 0/70       AC:  9    Str: 18    XL:     10   Next: 45%
Magic:  17/32      EV: 11    Int: 23    God:    Ignis [**....]
Gold:   520        SH:  0    Dex: 14    Spells: 14/28 levels left

rFire   + . .        b - -1 spear (flame)
rCold   + . .        (no shield)
rNeg    + + +        h - +1 leather armour of Vlad {rF+ Dex+6}
rPois   ∞            u - +0 helmet
rElec   .            l - +1 cloak {rPois}
rCorr   .            Z - +0 pair of gloves
SInv    .            X - +0 pair of boots
Will    +....        s - amulet of regeneration
Stlth   ++           Q - ring of magical power {=R}
HPRegen 1.11/turn    U - +6 ring of intelligence
MPRegen 0.23/turn

%: faith
@: very slightly contaminated
A: cold resistance 1, negative energy resistance 3, torment resistance 2, heat
vulnerability 1, in touch with death 1, no potions, faith
a: Renounce Religion, Fiery Armour, Foxfire Swarm, Rising Flame


You were on level 9 of the Dungeon.
You worshipped Ignis.
Ignis was pleased with you.
You visited 2 branches of the dungeon, and saw 11 of its levels.

You collected 520 gold pieces.

Inventory:

Hand Weapons
 b - a -1 spear of flaming (weapon)
 m - a +2 quarterstaff of chaos
 p - a +0 whip of electrocution
 K - a +4 scimitar of flaming
 N - a +2 antimagic dagger
Missiles
 c - 37 poisoned darts
 g - 2 throwing nets {=F}
 n - 6 javelins
 o - 127 stones
 v - a curare-tipped dart {=F}
 W - 5 boomerangs
Armour
 h - the +1 leather armour of Vlad (worn) {rF+ Dex+6}
   (You found it on level 2 of the Dungeon)

   Dex+6:     It affects your dexterity (+6).
   rF+:       It protects you from fire.
 l - a +1 cloak of poison resistance (worn)
 u - a +0 helmet (worn)
 R - a +1 robe of willpower
 X - a +0 pair of boots (worn)
 Y - +0 steam dragon scales
 Z - a +0 pair of gloves (worn)
Magical Staves
 a - a staff of alchemy
 d - a staff of cold
Jewellery
 q - a ring of resist corrosion
 s - an amulet of regeneration (around neck)
 H - a ring of fire
 I - a +6 ring of dexterity
 L - a ring of flight
 O - the ring "Dicuzuw" {rC- rN+ Str+2 Slay+4}
   (You found it on level 8 of the Dungeon)

   [ring of slaying]

   Str+2:     It affects your strength (+2).
   Slay+4:    It affects your accuracy & damage with ranged weapons and melee
   (+4).
   rC-:       It makes you vulnerable to cold.
   rN+:       It protects you from negative energy.
 Q - a ring of magical power (left hand) {=R}
 U - a +6 ring of intelligence (right hand)
Wands
 f - a wand of flame (21)
 r - a wand of roots (7)
 P - a wand of polymorph (4)
Scrolls
 i - 2 scrolls of identify
 y - 2 scrolls of immolation
 E - a scroll of fear
 J - a scroll of silence {!r}
 M - a scroll of enchant weapon
 S - a scroll of butterflies
 T - 3 scrolls of teleportation
 V - 4 scrolls of vulnerability


   Skills:
 - Level 3.0 Fighting
 - Level 2.4 Polearms
 - Level 2.0 Stealth
 + Level 9.9 Spellcasting
 * Level 4.4 Conjurations
 - Level 9.0 Fire Magic
 * Level 4.4 Alchemy
 - Level 2.0 Evocations


You had 14 spell levels left.
You knew the following spells:

 Your Spells              Type           Power      Damage    Failure   Level
g - Apportation           Tloc           22%        N/A       7%          1
r - Olgreb's Toxic Radia  Alch           31%        N/A       11%         4
B - Blink                 Tloc           22%        N/A       11%         2
C - Scorch                Fire           100%       2d9       1%          2
E - Irradiate             Conj/Alch      15%        3d16      30%         5

Your spell library contained the following spells:

 Spells                   Type           Power      Damage    Failure   Level
 Volatile Blastmotes      Fire/Tloc      64%        2d15      3%          3
 Momentum Strike          Conj/Tloc      42%        3d9       4%          2
 Cigotuvi's Dreadful Rot  Necr/Alch/Air  54%        N/A       5%          2
 Call Imp                 Summ           22%        N/A       11%         2
 Jinxbite                 Hex            22%        N/A       11%         2
 Lesser Beckoning         Tloc           22%        N/A       11%         2
 Fulminant Prism          Conj/Alch      15%        3d10      11%         4
 Call Canine Familiar     Summ           11%        N/A       21%         3
 Frozen Ramparts          Ice            22%        1d4       21%         3
 Gell's Gravitas          Tloc           11%        N/A       21%         3
 Sigil of Binding         Hex            11%        N/A       21%         3
 Teleport Other           Tloc           11%        N/A       21%         3
 Iskenderun's Mystic Bla  Conj/Tloc      21%        2d6       26%         4
 Leda's Liquefaction      Alch/Erth      10%        N/A       26%         4
 Petrify                  Alch/Erth      21%        N/A       26%         4
 Alistair's Intoxication  Alch           20%        N/A       30%         5
 Dimensional Bullseye     Hex/Tloc       5%         N/A       56%         4
 Metabolic Englaciation   Hex/Ice        5%         N/A       88%         5
 Summon Hydra             Summ           5%         N/A       100%        7
 Sublimation of Blood     Necr           Unusable   N/A       N/A         2

Dungeon Overview and Level Annotations

Branches:
Dungeon (10/15) Zot: 26804  Temple (1/1) D:4 Zot: 5998    Lair (0/5) D:9
    Orc: D:9-12

Altars:
Ashenzari
Cheibriados
Dithmenos
Fedhas
Gozag
Hepliaklqana
Kikubaaqudgha
Makhleb
Nemelex Xobeh
Okawaru
Qazlal
Ru
Sif Muna
Trog
Uskayaw
Vehumet
Wu Jian
Xom
Yredelemnul

Shops:
D:4 :   D:9 =   D:10 =

Annotations:
D:9 3 runed translucent doors (18 dam melee ghost), exclusion: 3 doors, losten's ghost, novice DsGl


Innate Abilities, Weirdness & Mutations

You are immune to poison.
Your flesh is cold resistant. (rC+)
You are immune to negative energy. (rN+++)
You are immune to unholy pain and torment.
You are vulnerable to heat. (rF-)
You are in touch with the powers of death.
You do not drink.
You have a special connection with the divine. (Faith)


Message History

You kill the yak!
You are very lightly contaminated with residual magic.
You climb upwards.
Level annotation: 3 runed translucent doors (18 dam melee ghost), exclusion: 3 doors, losten's ghost, novice DsGl
There is a stone staircase leading down here.
HP restored.
Your magical contamination has completely faded away.
Magic restored.
Partly explored, can't reach some items.
You climb downwards.
A yak comes into view.
The yak gores you!
The yak bellows!
There is a stone staircase leading up here.
You hear a bellow!
The yak gores you! x2
You climb upwards.
Level annotation: 3 runed translucent doors (18 dam melee ghost), exclusion: 3 doors, losten's ghost, novice DsGl
There is a stone staircase leading down here.
Casting: Irradiate (quite dangerous; 30% risk of failure)
Confirm with . or Enter, or press ? or * to list all spells.
You miscast Irradiate.
You are very lightly contaminated with residual magic.
Nothing appears to happen.
The yak barely misses you. x2
Casting: Irradiate (quite dangerous; 30% risk of failure)
Confirm with . or Enter, or press ? or * to list all spells.
You erupt in a fountain of uncontrolled magic!
The yak is blasted with magical radiation!!
The yak is severely wounded.
The yak is blasted with magical radiation!
The yak is moderately wounded.
The yak gores you. The yak gores you!
Casting: Irradiate (quite dangerous; 30% risk of failure)
Confirm with . or Enter, or press ? or * to list all spells.
Flames lash the yak.
The yak is severely wounded.
The yak's fire resistance burns away.
The yak gores you! The yak gores you but does no damage.
Casting: Scorch (safe; 1% risk of failure)
Confirm with . or Enter, or press ? or * to list all spells.
Flames lash the yak.
The yak is burned terribly!
The yak is almost dead.
The yak completely misses you. The yak gores you!
* * * LOW HITPOINT WARNING * * *
Casting: Scorch (safe; 1% risk of failure)
Confirm with . or Enter, or press ? or * to list all spells.
Flames lash the yak but do no damage.
The yak gores you!
* * * LOW HITPOINT WARNING * * *
The yak gores you!
You die...

................................#
...............................##
#.............................###
#...........................<## #
#.#.........................##
#>##.......................##
#####.....................##
##..........YY.......##
##.........@.......##
###################


You could see 2 yaks.

Vanquished Creatures
  Erica (D:9)
  Pikel (D:6)
  Prince Ribbit (D:8)
  Grinder (D:4)
  A yak (D:10)
  2 steam dragons
  Edmund (D:4)
  An ice beast (D:5)
  2 sky beasts
  3 orc warriors
  2 ogres
  2 centaurs
  A phantom (D:6)
  3 kobold brigands
  5 bullfrogs
  3 scorpions
  7 wights
  12 killer bees
  3 howler monkeys
  5 bombardier beetles
  6 hounds
  2 jellies
  4 orc priests
  Crazy Yiuf (D:2)
  3 iguanas
  A sleepcap (D:2)
  Ijyb (D:4)
  4 orc wizards
  Robin (D:4)
  4 adders
  A white imp (D:6)
  2 ufetubi (D:6)
  4 dart slugs
  28 orcs
  4 bats (D:1)
  An endoplasm (D:3)
  6 giant cockroaches
  16 goblins
  9 hobgoblins
  10 jackals
  4 quokkas
  5 ball pythons
  2 frilled lizards (D:3)
  18 kobolds
  5 rats
199 creatures vanquished.

Vanquished Creatures (others)
  40 foxfires
40 creatures vanquished.

Grand Total: 239 creatures vanquished

Notes
Turn   | Place    | Note
-------+----------+-------------------------------------------
     0 | D:1      | Ge0ff the Mummy Cinder Acolyte began the quest for the Orb.
     0 | D:1      | Reached XP level 1. HP: 18/18 MP: 2/2
   214 | D:1      | Reached XP level 2. HP: 21/24 MP: 4/4
   217 | D:1      | Learned a level 2 spell: Scorch
   640 | D:2      | Identified the +1 leather armour of Vlad {rF+ Dex+6}
   778 | D:2      | Reached skill level 1 in Stealth
   778 | D:2      | Reached XP level 3. HP: 15/29 MP: 0/6
  1116 | D:2      | Found a shimmering blue altar of Sif Muna.
  1390 | D:2      | Found a faded altar of an unknown god.
  1580 | D:2      | Reached XP level 4. HP: 35/35 MP: 6/8
  1613 | D:2      | Found a runed translucent door.
  1614 | D:2      | Noticed Crazy Yiuf
  1620 | D:2      | Killed Crazy Yiuf
  2486 | D:3      | Found a bloodstained altar of Trog.
  2512 | D:3      | Reached XP level 5. HP: 41/41 MP: 0/9
  2982 | D:4      | Noticed Edmund
  2992 | D:4      | Killed Edmund
  3211 | D:4      | Reached XP level 6. HP: 47/47 MP: 4/11
  3308 | D:4      | Found Daunk's Self-Published Books.
  3347 | D:4      | Noticed Ijyb
  3352 | D:4      | Killed Ijyb
  3408 | D:4      | Learned a level 1 spell: Apportation
  3468 | D:4      | Found a staircase to the Ecumenical Temple.
  3670 | Temple   | Entered the Ecumenical Temple
  3714 | D:4      | Noticed Grinder
  3724 | D:4      | Paralysed by Grinder for 5 turns
  3729 | D:4      | Killed Grinder
  3730 | D:4      | Reached skill level 5 in Spellcasting
  3730 | D:4      | Reached skill level 5 in Fire Magic
  3730 | D:4      | Reached XP level 7. HP: 47/52 MP: 0/14
  4025 | D:4      | Noticed Robin
  4034 | D:4      | Killed Robin
  4481 | D:5      | Entered Level 5 of the Dungeon
  5000 | D:5      | Reached XP level 8. HP: 58/58 MP: 12/17
  5236 | D:5      | Found an ornate altar of the Wu Jian Council.
  5546 | D:6      | Reached skill level 1 in Evocations
  5704 | D:6      | Noticed Pikel
  5717 | D:6      | Killed Pikel
  6354 | D:6      | Reached XP level 9. HP: 62/63 MP: 1/20
  6583 | D:6      | Found a blossoming altar of Fedhas.
  7525 | D:7      | Got the Codex of Reconfiguration
  7534 | D:7      | Learned a level 5 spell: Irradiate
  7848 | D:7      | Reached skill level 1 in Conjurations
  7848 | D:7      | Reached skill level 1 in Alchemy
  8382 | D:8      | Identified the ring "Dicuzuw" {rC- rN+ Str+2 Slay+4}
  8533 | D:8      | Noticed Prince Ribbit
  8551 | D:8      | Killed Prince Ribbit
  8673 | D:8      | Reached XP level 10. HP: 70/70 MP: 15/23
  8780 | D:8      | Found an opulent altar of Gozag.
  9753 | D:9      | Learned a level 2 spell: Blink
  9758 | D:9      | Learned a level 4 spell: Olgreb's Toxic Radiance
  9772 | D:9      | Noticed Erica
  9779 | D:9      | Killed Erica
  9877 | D:9      | Found a snail-covered altar of Cheibriados.
  9953 | D:9      | Found a staircase to the Lair.
  9994 | D:9      | Found a runed translucent gate.
  9994 | D:9      | Found a runed translucent gate.
  9994 | D:9      | Found a runed translucent gate.
  9995 | D:9      | Found Esunnod's Jewellery Shoppe.
 10033 | D:9      | Noticed losten's ghost (novice DsGl)
 10092 | D:9      | Noticed an angel
 10131 | D:9      | Found a broken altar of Ashenzari.
 10250 | D:10     | Entered Level 10 of the Dungeon
 10270 | D:10     | Found Loopt's Jewellery Emporium.
 10443 | D:9      | Slain by a yak

Illustrated notes

Levels and vault maps discovered:
D:1:      wander_arrival_fairy_ring, layout_rooms
D:2:      layout_loops_ring, shapermc_ecumenical_altar_gd, basic_altar,
          uniq_crazy_yiuf_cottage
D:3:      layout_loops_ring, trog_hazing_becter, kennysheep_cross_bottleneck
D:4:      kennysheep_big_flooded_room, layout_loops_ring,
          minmay_temple_entry_mini_moons, nicolae_custom_books,
          nicolae_zig_zag_zippers, uniq_edmund, uniq_grinder, uniq_robin,
          uniq_ijyb
D:5:      layout_basic, mainiacjoe_overflow_paths, minmay_misc_feat_enclosed
D:6:      layout_loops_cross, fedhas_altar_2, st_stairs_13, uniq_pikel
D:7:      layout_basic, minivault_10, grunt_ministairs_11, serial_bayou_pond_d
D:8:      layout_basic, mainiacjoe_overflow_cross_hatched, uniq_prince_ribbit1
D:9:      layout_big_octagon, zin_angel, chei_slow_surprise,
          mainiacjoe_overflow_catwalk, lair_entry_dummy,
          ebering_ghost_rock_garden, serial_shops,
          nicolae_shop_competitors_out_of_business, uniq_erica
D:10:     layout_basic, mainiacjoe_overflow_24_doors, serial_shops,
          nicolae_square_shop
Temple:   eino_temple_lava

Skill      XL: |  1  2  3  4  5  6  7  8  9 10 |
---------------+-------------------------------+-----
Spellcasting   | 2 3 5 6 7 9 |  9.9
Stealth        | 1 2 |  2.0
Fire Magic     | 3 4 5 6 8 9 |  9.0
Evocations     | 2 |  2.0
Conjurations   | 3 4 |  4.4
Alchemy        | 3 4 |  4.4
Fighting       | |  3.0
Polearms       | |  2.4

Action                     |  1- 3 |  4- 6 |  7- 9 | 10-12 || total
---------------------------+-------+-------+-------+-------++-------
  Melee: Spear             |    62 |    11 |    10 |     1 ||    84
  Throw: Stone             |       |     1 |       |       ||     1
   Cast: Scorch            |    16 |    61 |   188 |    53 ||   318
         Irradiate         |       |       |       |     3 ||     3
 Invoke: Fiery Armour      |     2 |     2 |       |       ||     4
         Foxfire Swarm     |       |     1 |     1 |     1 ||     3
  Evoke: Wand              |       |     7 |       |       ||     7
    Use: Scroll            |       |       |    12 |       ||    12
   Stab: Sleeping          |     1 |     1 |       |       ||     2
 Armour: Robe              |    17 |       |       |       ||    17
         Leather armour    |    23 |    17 |    66 |    32 ||   138
  Dodge: Dodged            |    22 |    18 |    78 |    17 ||   135

Table legend: (Time is in decaauts)
 A = Elapsed time spent in this place.
 B = Non-inter-level travel time spent in this place.
 C = Inter-level travel time spent in this place.
 D = Time resting spent in this place.
 E = Time spent auto-exploring this place.
 F = Levels seen in this place.
 G = Mean time per level.
                   A        B        C        D        E       F      G
               +--------+--------+--------+--------+--------+-----+--------+
         Total |  10447 |  10059 |    388 |    182 |   8433 |  11 |  949.7 |
       Dungeon |  10445 |  10057 |    388 |    182 |   8433 |  10 | 1044.5 |
        Temple |      1 |      1 |      0 |      0 |      0 |   1 |    1.0 |
               +--------+--------+--------+--------+--------+-----+--------+

Top non-repeatable levels by time:
     D:6: 1585 daAuts
     D:4: 1497 daAuts
     D:8: 1452 daAuts
     D:3: 1294 daAuts
     D:5: 1138 daAuts
     D:2: 1058 daAuts
     D:7: 1055 daAuts
     D:1: 631 daAuts
     D:9: 587 daAuts
    D:10: 145 daAuts
  Temple: 1 daAuts
